 Dungeon Crawl Stone Soup version 0.31.0-10-gcf4a605ca0 (webtiles) character file.

Game seed: 16456275407850968553

86 DeltaZero the Changeling (level 4, -1/32 HPs)
             Began as a Merfolk Shapeshifter on Jan 25, 2024.
             Slain by a gnoll
             ... wielding a +0 halberd
              (7 damage)
             ... on level 3 of the Dungeon.
             The game lasted 00:04:45 (1876 turns).

DeltaZero the Changeling (Merfolk Shapeshifter)     Turns: 1876, Time: 00:04:46

Health: -1/32      AC:  8    Str: 16    XL:     4   Next: 50%
Magic:  4/4        EV:  8    Int:  9    God:
Gold:   91         SH:  0    Dex: 19    Spells: 3/3 levels left

rFire   . .          .
                       - Unarmed
rCold   . . .        (no shield)
rNeg    . . .        i - +0 chain mail
rPois   .            (helmet currently unavailable)
rElec   .            m - melded +0 cloak
rCorr   .            (gloves currently unavailable)
SInv    .            (boots currently unavailable)
Will    .....        (no amulet) Stlth
                     h - +6 ring of dexterity
HPRegen 0.25/turn    (no ring)
MPRegen 0.09/turn

%: no passive effects
@: beast-form
A: beast (slay +2), (nimble swimmer 2), mertail
a: Begin Untransformation


You were on level 3 of the Dungeon.
You were a hulking beast.
You visited 1 branch of the dungeon, and saw 3 of its levels.

You collected 91 gold pieces.

Inventory:

Armour
 i - a +0 chain mail (worn)
 m - a +0 cloak (melded)
Magical Staves
 f - a staff of conjuration
Jewellery
 h - a +6 ring of dexterity (left hand)
 p - a ring of magical power
Talismans
 c - a beast talisman (active)
 d - a flux talisman
Scrolls
 a - a scroll of vulnerability {unknown}
 j - a scroll of immolation {unknown}
 k - a scroll of noise {unknown}
 n - a scroll of identify {unknown}
 q - a scroll of fear {unknown}
Potions
 b - a potion of lignification
 e - a potion of mutation {unknown}
 g - a potion of resistance {unknown}
 l - a potion of degeneration {unknown}
 o - 2 potions of invisibility {unknown}


   Skills:
 + Level 1.5 Fighting
 + Level 0.2 Armour
 + Level 3.5 Dodging
 + Level 0.4 Stealth
 + Level 4.3 Unarmed Combat
 + Level 4.8 Shapeshifting


You had 3 spell levels left.
You didn't know any spells.
Your spell library was empty.

Dungeon Overview and Level Annotations

Branches:
Dungeon (3/15)

Altars:

Shops:
D:2 *


Innate Abilities, Weirdness & Mutations

You are a hulking beast.
Your limbs bulge with bestial killing power. (Slay +2)
((You are very nimble when in or above water. (Stealth+, EV+, Speed+++)))
Your lower body shifts to a powerful aquatic tail in water.


Message History

A gnoll comes into view. It is wielding a +0 whip.
The gnoll shouts!
A gnoll comes into view. It is wielding a +0 halberd.
The gnoll hits you but does no damage.
There is a stone staircase leading up here.
You hit the gnoll but do no damage. The gnoll closely misses you.
You hit the gnoll.
The gnoll is moderately wounded.
The gnoll hits you with a +0 whip. The gnoll completely misses you.
The gnoll hits you but does no damage.
You hit the gnoll.
The gnoll is moderately wounded.
The gnoll hits you but does no damage. x2
The gnoll hits you from afar with a +0 halberd.
You hit the gnoll.
The gnoll is almost dead.
The gnoll hits you with a +0 whip. The gnoll hits you with a +0 club.
A gnoll comes into view.
It is wielding a +0 flail and quivering 2 throwing nets.
The gnoll hits you but does no damage.
You closely miss the gnoll.
The gnoll is almost dead.
The gnoll shouts!
The gnoll hits you with a +0 whip. The gnoll closely misses you. x2
You hit the gnoll but do no damage.
The gnoll is almost dead.
The gnoll hits you with a +0 whip.
The gnoll hits you from afar with a +0 halberd.
The gnoll hits you but does no damage.
You are too injured to fight recklessly!
You are too injured to fight recklessly!
You are too injured to fight recklessly!
You are too injured to fight recklessly!
The gnoll attacks as it pursues you! The gnoll hits you with a +0 club.
* * * LOW HITPOINT WARNING * * *
The gnoll attacks as it pursues you! The gnoll hits you but does no damage.
The gnoll attacks as it pursues you! The gnoll hits you with a +0 club.
* * * LOW HITPOINT WARNING * * *
The gnoll attacks as it pursues you!
The gnoll hits you from afar with a +0 halberd!
You die...

.# #.# #.# .##
#.# #># ..# #.#
#.###.#### #.#
#.# #.........
#.#
#####.###.####
#.# #.....# ..#
#.##### ..#
#.#######.####
..#
##.#.hgg.g....#
..#
#.....g.......#
..#
#..#.#######..#
..# #..#.# #
..# #..#.# ..#
#..#.# ......
.#.##.. .#. ..


You could see 4 gnolls.

Vanquished Creatures
  A hound (D:2)
  A dart slug (D:2)
  2 ribbon worms (D:2)
  6 bats
  2 endoplasms (D:1)
  4 giant cockroaches
  6 goblins
  4 hobgoblins
  2 jackals (D:1)
  2 quokkas (D:2)
  4 ball pythons
  3 frilled lizards
  6 kobolds
  3 rats
46 creatures vanquished.

Notes
Turn   | Place    | Note
-------+----------+-------------------------------------------
     0 | D:1      | DeltaZero the Merfolk Shapeshifter began the quest for the
                  | Orb.
     0 | D:1      | Reached XP level 1. HP: 15/15 MP: 1/1
   316 | D:1      | Reached XP level 2. HP: 21/21 MP: 2/2
   763 | D:1      | Reached XP level 3. HP: 23/26 MP: 3/3
  1280 | D:2      | Found Muzebri's Assorted Antiques.
  1508 | D:2      | Reached XP level 4. HP: 31/32 MP: 4/4
  1876 | D:3      | Slain by a gnoll

Illustrated notes

Levels and vault maps discovered:
D:1:      ncdulo_watergridlock, layout_loops_corners, minmay_split_cup_small
D:2:      layout_loops_cross, serial_shops, nicolae_square_shop,
          minmay_close_crescents
D:3:      minmay_chambers_of_threes, layout_loops_ring, grunt_decor_arrowhead

Skill      XL: |  1  2  3 |
---------------+----------+-----
Dodging        | 3 |  3.5
Unarmed Combat | 4 |  4.3
Fighting       | |  1.5
Armour         | |  0.2
Stealth        | |  0.4
Shapeshifting  | |  4.8

Action                     |  1- 3 |  4- 6 || total
---------------------------+-------+-------++-------
  Melee: Unarmed           |    95 |    12 ||   107
         Punch             |     3 |       ||     3
Ability: Begin Untransform |     1 |       ||     1
 Armour: Animal skin       |    35 |       ||    35
         Chain mail        |    30 |    18 ||    48
  Dodge: Dodged            |    62 |     6 ||    68
   Form: Beast             |     4 |       ||     4
                           |     2 |       ||     2
